 Dungeon Crawl Stone Soup version 0.32-a0-818-gb728d0252e (webtiles) character file.

Game seed: 15567650447253387020

676 pokeman the Magician (level 7, -3/38 HPs)
             Began as a Deep Elf Hedge Wizard on Mar 25, 2024.
             Incinerated by a bombardier beetle (5 damage)
             ... with a burning spray
             ... on level 4 of the Dungeon.
             The game lasted 00:07:01 (4483 turns).

pokeman the Magician (Deep Elf Hedge Wizard)        Turns: 4483, Time: 00:07:01

Health: -3/38      AC:  7    Str:  7    XL:     7   Next: 33%
Magic:  14/20      EV: 13    Int: 21    God:
Gold:   53         SH:  0    Dex: 20    Spells: 13/21 levels left

rFire   . . .        a - +0 dagger
rCold   . . .        (no shield)
rNeg    . . .        b - +0 robe
rPois   .            t - +0 helmet
rElec   .            (no cloak)
rCorr   .            q - +0 pair of gloves
SInv    .            w - +2 pair of boots {rampage}
Will    .....        i - amulet of regeneration
Stlth   +            j - +6 ring of dexterity
HPRegen 1.06/turn    (no ring)
MPRegen 0.17/turn

%: rampage
@: on fire, glowing
A: no striking features
a: no special abilities


You were on level 4 of the Dungeon.
You visited 1 branch of the dungeon, and saw 4 of its levels.

You collected 210 gold pieces.
You spent 157 gold pieces at shops.

Inventory:

Hand Weapons
 a - a +0 dagger (weapon)
Armour
 b - a +0 robe (worn)
 q - a +0 pair of gloves (worn)
 t - a +0 helmet (worn)
 w - a +2 pair of boots of rampaging (worn)
Jewellery
 i - an amulet of regeneration (around neck)
 j - a +6 ring of dexterity (left hand)
Wands
 r - a wand of roots (4)
Scrolls
 c - a scroll of butterflies {unknown}
 f - a scroll of silence {unknown}
 n - a scroll of amnesia {unknown}
 o - a scroll of identify {unknown}
 v - a scroll of immolation {unknown}
Potions
 d - a potion of magic
 e - 2 potions of heal wounds {unknown}
 g - a potion of invisibility {unknown}
 h - a potion of degeneration {unknown}
 k - a potion of ambrosia {unknown}
 l - a potion of enlightenment {unknown}
 m - a potion of attraction {unknown}
 p - a potion of mutation {unknown}
 s - a potion of cancellation {unknown}
 u - a potion of might {unknown}


   Skills:
 + Level 1.0 Fighting
 - Level 1.0 Armour
 - Level 3.3 Dodging
 - Level 3.3 Stealth
 * Level 7.8 Spellcasting
 + Level 3.7 Conjurations
 - Level 1.1 Summonings
 - Level 1.1 Translocations
 - Level 2.2 Air Magic
 - Level 2.2 Alchemy
 - Level 2.2 Evocations


You had 13 spell levels left.
You knew the following spells:

 Your Spells              Type           Power      Damage    Failure   Level
a - Magic Dart            Conj           92%        1d7       1%          1
b - Mephitic Cloud        Conj/Alch/Air  19%        N/A       8%          3
c - Call Imp              Summ           24%        N/A       8%          2
d - Blink                 Tloc           24%        N/A       8%          2

Your spell library contained the following spells:

 Spells                   Type           Power      Damage    Failure   Level
 Cigotuvi's Dreadful Rot  Necr/Alch/Air  28%        N/A       7%          2
 Slow                     Hex            32%        N/A       9%          1


Dungeon Overview and Level Annotations

Branches:
Dungeon (4/15)
 Temple: D:4-7

Altars:
Fedhas
Nemelex Xobeh
The Shining One

Shops:
D:1 [

Annotations:
D:3 2 runed translucent doors, cforsyth's ghost, weakling DEEE
D:4 1 runed translucent door, Pokonic1's ghost, amateur CoAl


Message History

Press: ? - help, Shift-Dir - straight line, f - goblin, p - steam dragon
Aim: a goblin, wielding a +0 dagger (100% to hit)
The magic dart hits the goblin.
You kill the goblin!
The quokka is engulfed in noxious fumes.
The quokka appears confused.
The steam dragon is engulfed in noxious fumes.
Casting: Magic Dart (safe; 1% risk of failure)
Confirm with . or Enter, or press ? or * to list all spells.
Aiming: Magic Dart (safe; 1% risk of failure)
Press: ? - help, Shift-Dir - straight line, f - steam dragon
Aim: a steam dragon (noxious fumes, almost dead, confused, 100% to hit)
The magic dart hits the steam dragon.
You kill the steam dragon!
The quokka is engulfed in noxious fumes.
The quokka appears confused.
The bombardier beetle sprays incendiary fluid at you.
The burning spray hits you.
You are covered in liquid fire!
The quokka is engulfed in noxious fumes.
The quokka appears confused.
Your Air Magic skill increases to level 2!
Your Alchemy skill increases to level 2!
Your Evocations skill increases to level 2!
Unknown command.
You shake off some of the fire as you move.
The liquid fire burns you!
* * * LOW HITPOINT WARNING * * *
The quokka is engulfed in noxious fumes.
The quokka appears confused.
You shake off the liquid fire.
The bombardier beetle sprays incendiary fluid at you.
The burning spray hits you.
You are covered in liquid fire!
You shake off some of the fire as you move.
The liquid fire burns you!
* * * LOW HITPOINT WARNING * * *
You shake off some of the fire as you move.
The liquid fire burns you!
You die...

.#....#.....#.........
#....)..○§§B#.#.......
.......g.○...##.....##
.......).○...###.....#
$###...........##.....
##.#.......)..#....#.
##......r.........####
#.................###
##...@..#...........##
##......#......<...#.
##.......#####....†... ..#.
........##♣ß♣#........
.......#....##W=.#.......# #
...##.##....###+##.......# #.
.....#..................#
#..###...............#........
##..................#........


You could see a bombardier beetle, a quokka (confused) and a goblin.

Vanquished Creatures
  Grinder (D:3)
  A steam dragon (D:4)
  A black bear (D:3)
  A phantom (D:4)
  An orc wizard (D:4)
  7 gnolls
  An adder (D:3)
  3 dart slugs
  3 orcs (D:4)
  9 ball pythons
  6 bats
  12 endoplasms
  6 giant cockroaches
  10 goblins
  8 hobgoblins
  4 jackals (D:1)
  3 kobolds
  5 quokkas
  2 frilled lizards
  2 rats (D:2)
86 creatures vanquished.

Notes
Turn   | Place    | Note
-------+----------+-------------------------------------------
     0 | D:1      | pokeman the Deep Elf Hedge Wizard began the quest for the
                  | Orb.
     0 | D:1      | Reached XP level 1. HP: 10/10 MP: 7/7
    44 | D:1      | Reached XP level 2. HP: 15/15 MP: 1/9
   464 | D:1      | Reached skill level 5 in Spellcasting
   643 | D:1      | Reached XP level 3. HP: 20/20 MP: 7/11
   647 | D:1      | Learned a level 3 spell: Mephitic Cloud
   650 | D:1      | Learned a level 2 spell: Call Imp
   653 | D:1      | Learned a level 2 spell: Blink
   829 | D:1      | Found Wetril's Antique Armour Shoppe.
  1160 | D:2      | Reached skill level 1 in Armour
  1374 | D:2      | Reached skill level 1 in Fighting
  1393 | D:2      | Reached XP level 4. HP: 25/25 MP: 3/13
  1827 | D:2      | Found a faded altar of an unknown god.
  2606 | D:3      | Noticed a black bear
  2615 | D:3      | Killed a black bear
  2616 | D:3      | Reached skill level 6 in Spellcasting
  2616 | D:3      | Reached XP level 5. HP: 18/29 MP: 11/15
  2745 | D:3      | Found a large runed translucent door.
  2745 | D:3      | Found a large runed translucent door.
  2755 | D:3      | Noticed cforsyth's ghost (weakling DEEE)
  3073 | D:3      | Noticed Grinder
  3090 | D:3      | Killed Grinder
  3091 | D:3      | Reached skill level 7 in Spellcasting
  3091 | D:3      | Reached skill level 1 in Air Magic
  3091 | D:3      | Reached skill level 1 in Alchemy
  3091 | D:3      | Reached skill level 1 in Evocations
  3091 | D:3      | Reached XP level 6. HP: 15/34 MP: 10/18
  3846 | D:4      | Found a blossoming altar of Fedhas.
  3961 | D:1      | Bought a pair of glowing boots for 157 gold pieces
  4228 | D:4      | Found a glowing golden altar of the Shining One.
  4228 | D:4      | Found a sparkling altar of Nemelex Xobeh.
  4275 | D:4      | Reached XP level 7. HP: 37/38 MP: 4/19
  4423 | D:4      | Found a runed translucent door.
  4423 | D:4      | Noticed Pokonic1's ghost (amateur CoAl)
  4453 | D:4      | Noticed a steam dragon
  4479 | D:4      | Killed a steam dragon
  4482 | D:4      | HP: 1/38 [burnt (6)]
  4483 | D:4      | Incinerated by a bombardier beetle

Illustrated notes

Levels and vault maps discovered:
D:1:      dpeg_arrival_line_fractal, layout_rooms, serial_shops, shop,
          st_stairs_7
D:2:      layout_basic, ebering_ecumenical_altar_rust, minmay_misc_feat_tower
D:3:      layout_loops_ring, ebering_ghost_disaster_area, uniq_grinder
D:4:      layout_cave_pools, nicolae_overflow_macrodata_refinement,
          mainiacjoe_overflow_concentric_impassable, gammafunk_ghost_grave

Skill      XL: |  1  2  3  4  5  6  7 |
---------------+----------------------+-----
Spellcasting   | 5 6 7 |  7.8
Armour         | 1 |  1.0
Fighting       | 1 |  1.0
Conjurations   | 2 3 |  3.7
Dodging        | 3 |  3.3
Stealth        | 3 |  3.3
Air Magic      | 1 2 |  2.2
Alchemy        | 1 2 |  2.2
Evocations     | 1 2 |  2.2
Summonings     | |  1.1
Translocations | |  1.1

Action                     |  1- 3 |  4- 6 |  7- 9 || total
---------------------------+-------+-------+-------++-------
  Melee: Dagger            |    11 |    17 |     8 ||    36
   Cast: Magic Dart        |    79 |   121 |    10 ||   210
         Mephitic Cloud    |     1 |     5 |     2 ||     8
         Call Imp          |       |     2 |       ||     2
  Evoke: Wand              |       |     1 |       ||     1
   Stab: Confused          |       |     3 |     2 ||     5
 Armour: Robe              |    15 |    29 |     9 ||    53
  Dodge: Dodged            |    10 |    31 |     8 ||    49

Table legend: (Time is in decaauts)
 A = Elapsed time spent in this place.
 B = Non-inter-level travel time spent in this place.
 C = Inter-level travel time spent in this place.
 D = Time resting spent in this place.
 E = Time spent auto-exploring this place.
 F = Levels seen in this place.
 G = Mean time per level.
                   A        B        C        D        E       F      G
               +--------+--------+--------+--------+--------+-----+--------+
         Total |   4484 |   4188 |    296 |     92 |   3538 |   4 | 1121.0 |
       Dungeon |   4484 |   4188 |    296 |     92 |   3538 |   4 | 1121.0 |
               +--------+--------+--------+--------+--------+-----+--------+

Top non-repeatable levels by time:
     D:2: 1512 daAuts
     D:3: 1223 daAuts
     D:1: 1133 daAuts
     D:4: 615 daAuts
